 Dungeon Crawl Stone Soup version 0.29-a0-582-ge82337ba6a (webtiles) character file.

Game seed: 7381185905080050329

450 Patoropollo the Covered (level 7, -11/60 HPs)
             Began as a Meteoran Fighter on June 14, 2022.
             Killed from afar by Dowan (13 damage)
             ... with a shard of ice
             ... on level 4 of the Dungeon.
             The game lasted 00:06:26 (2044 turns).

Patoropollo the Covered (Meteoran Fighter)          Turns: 2044, Time: 00:06:27

Health: -11/60     AC:  8    Str: 17    XL:     7   Next: 50%
Magic:  8/8        EV: 11    Int: 10    God:
Gold:   158        SH:  9    Dex: 14    Spells: 6/6 levels left

rFire   + + .      SeeInvis +   s - +1 whip (holy)
rCold   . . .      Faith    .   h - +0 kite shield
rNeg    + . .      Spirit   .   t - +5 leather armour of Impermeability {rF+ rN+}
rPois   .          Reflect  .   (no helmet)
rElec   .          Harm     .   (no cloak)
rCorr   .          Rampage  .   (no gloves)
Will    .....                   (no boots)
Stlth   +.........              (no amulet)
HPRegen 0.20/turn               m - ring of protection from fire
MPRegen 0.11/turn               q - ring of see invisible

@: mighty, glowing
A: sense surroundings 1, otherworldly, glowing, explore regen, talons 1, weak 1
a: no special abilities


You were on level 4 of the Dungeon.
You visited 1 branch of the dungeon, and saw 4 of its levels.

You collected 158 gold pieces.

Inventory:

Hand Weapons
 s - a +1 whip of holy wrath (weapon)
Armour
 h - a +0 kite shield (worn)
 t - the +5 leather armour of Impermeability (worn) {rF+ rN+}
   (You found it on level 3 of the Dungeon)

   rF:        It protects you from fire.
   rN:        It protects you from negative energy.
Jewellery
 m - a ring of protection from fire (left hand)
 o - a ring of wizardry
 q - a ring of see invisible (right hand)
Wands
 b - a wand of flame (12)
Scrolls
 a - a scroll of poison {unknown}
 e - a scroll of magic mapping {unknown}
 f - 2 scrolls of vulnerability {unknown}
 g - 3 scrolls of identify {unknown}
 i - 4 scrolls of fear {unknown}
 l - 6 scrolls of teleportation {unknown}
 p - a scroll of amnesia {unknown}
 r - a scroll of enchant armour {unknown}
Potions
 c - a potion of mutation
 j - a potion of ambrosia {unknown}
 k - a potion of attraction {unknown}
 n - a potion of berserk rage {unknown}


   Skills:
 + Level 4.7 Fighting
 + Level 4.9 Maces & Flails
 + Level 5.2 Armour
 + Level 3.4 Dodging
 + Level 5.2 Shields


You had 6 spell levels left.
You didn't know any spells.
Your spell library contained the following spells:

 Spells                   Type           Power      Damage    Failure   Level
 Static Discharge         Conj/Air       0%         N/A       88%         2
 Lightning Bolt           Conj/Air       0%         1d11      100%        5
 Maxwell's Capacitive Co  Air            0%         ∞         100%        8


Dungeon Overview and Level Annotations

Branches:
Dungeon (4/15)
 Temple: D:4-7

Altars:
Okawaru

Annotations:
D:4 Dowan


Innate Abilities, Weirdness & Mutations

You passively map a small area around you.
You are easily found by Zot.
You glow in the dark.
You regain HP and MP as you explore.
You have sharp toenails.
You are weak. (Str -2)


Message History

You hit Duvessa.
You kill Duvessa!
Dowan seems overcome with grief.
Dowan seems to find hidden reserves of power!
Dowan points at you and mumbles some strange words.
The stone arrow hits you! Dowan hits you but does no damage.
Dowan hits you with a +0 dagger.
Things that are here:
a +0 short sword; a +0 leather armour; the elf corpse of Duvessa Dowan closely misses you.
There is a stone staircase leading down here.
Dowan hits you but does no damage. Dowan hits you with a +0 dagger.
You closely miss Dowan. Dowan gestures at you while chanting.
The shard of ice hits you!
* * * LOW HITPOINT WARNING * * *
You closely miss Dowan. Dowan hits you but does no damage.
Dowan casts a spell at you. You block the shard of ice.
You barely miss Dowan.
Dowan shakes with grief.
Dowan casts a spell.
Dowan blinks!
Dowan gestures at you while chanting. The shard of ice misses you.
Dowan shakes with grief.
You feel very mighty all of a sudden. Dowan hits you but does no damage.
You closely miss Dowan. Dowan gestures at you while chanting.
The shard of ice hits you!
* * * LOW HITPOINT WARNING * * *
Dowan hits you but does no damage.
You miss Dowan. Dowan hits you with a +0 dagger.
* * * LOW HITPOINT WARNING * * *
It was a potion of mutation.
You feel extremely strange.
You feel weaker.
Your toenails lengthen and sharpen.
Dowan points at you and mumbles some strange words.
The shard of ice hits you!
You die...

...#....# .#
........#+#.##
............. ,
#..........### * , *
##..........#.. ,, ,
##....#.....#.# ,
..........###.######
...............e>..#,
..........#.#.##@#.#
##......#.# #..#.#.#
* ,#......#
#,#..#.#.# *
,#......#+#+##.#.#.#
#####.........#.#.#
,*
####.......###.#.#,
*#..........+.#.#.# ,
............#.#.#
..............#.# ^*
*


You could see Dowan (fast).

Vanquished Creatures
  Sigmund (D:4)
  Duvessa (D:4)
  A scorpion (D:4)
  3 gnolls (D:3)
  2 adders
  2 dart slugs
  4 orcs
  3 bats
  5 endoplasms
  4 giant cockroaches
  5 goblins
  7 hobgoblins
  5 quokkas
  5 ball pythons
  A frilled lizard (D:2)
  3 kobolds
  5 rats
57 creatures vanquished.

Notes
Turn   | Place    | Note
-------+----------+-------------------------------------------
     0 | D:1      | Patoropollo the Meteoran Fighter began the quest for the
                  | Orb.
     0 | D:1      | Reached XP level 1. HP: 19/19 MP: 2/2
   144 | D:1      | Reached XP level 2. HP: 23/26 MP: 3/3
   242 | D:1      | Reached skill level 1 in Dodging
   294 | D:1      | Reached XP level 3. HP: 28/31 MP: 4/4
   483 | D:1      | Glimpsed the power of Zot.
   532 | D:1      | Glimpsed the power of Zot.
  1063 | D:2      | Glimpsed the power of Zot.
  1093 | D:2      | Reached XP level 4. HP: 37/40 MP: 5/5
  1409 | D:3      | Reached XP level 5. HP: 22/46 MP: 6/6
  1499 | D:3      | Identified the +5 leather armour of Impermeability {rF+
                  | rN+}
  1642 | D:3      | Glimpsed the power of Zot.
  1692 | D:3      | Glimpsed the power of Zot.
  1789 | D:4      | Found an iron altar of Okawaru.
  1802 | D:4      | Noticed Sigmund
  1831 | D:4      | Killed Sigmund
  1832 | D:4      | Reached XP level 6. HP: 16/53 MP: 7/7
  1924 | D:4      | Reached skill level 5 in Armour
  1924 | D:4      | Reached skill level 5 in Shields
  1924 | D:4      | Reached XP level 7. HP: 47/60 MP: 8/8
  2008 | D:4      | Noticed Duvessa
  2011 | D:4      | Noticed Dowan
  2031 | D:4      | Killed Duvessa
  2042 | D:4      | HP: 3/60 [Dowan/shard of ice (12)]
  2044 | D:4      | Gained mutation: You are weak. (Str -2) [potion of
                  | mutation]
  2044 | D:4      | Gained mutation: You have sharp toenails. [potion of
                  | mutation]
  2044 | D:4      | Killed from afar by Dowan

Illustrated notes

Levels and vault maps discovered:
D:1:      beargit_arrival_diablo_church, layout_basic
D:2:      layout_basic, minmay_heptomino_d4
D:3:      layout_basic, st_stairs_6, minmay_misc_feat_diagonals
D:4:      layout_basic, okawaru_trees_1, nicolae_gozag_zags_fifth_avenue,
          portal_sewer_entry_a, uniq_duvessa, uniq_sigmund

Skill      XL: |  1  2  3  4  5  6 |
---------------+-------------------+-----
Maces & Flails | 3 4 |  4.9
Dodging        | 1 2 3 |  3.4
Armour         | 4 5 |  5.2
Shields        | 4 5 |  5.2
Fighting       | 4 |  4.7

Action                   |  1- 3 |  4- 6 |  7- 9 || total
-------------------------+-------+-------+-------++-------
Melee: Flail             |   106 |    43 |       ||   149
       Whip              |       |    65 |    29 ||    94
  Use: Potion            |       |       |     2 ||     2
Armor: Scale mail        |    41 |    22 |       ||    63
       Leather armour    |       |     9 |    11 ||    20
Dodge: Dodged            |    41 |    32 |     8 ||    81
Block: Buckler           |     9 |       |       ||     9
       Kite shield       |    36 |    45 |    17 ||    98

Table legend: (Time is in decaauts)
 A = Elapsed time spent in this place.
 B = Non-inter-level travel time spent in this place.
 C = Inter-level travel time spent in this place.
 D = Time resting spent in this place.
 E = Time spent auto-exploring this place.
 F = Levels seen in this place.
 G = Mean time per level.
                   A        B        C        D        E       F      G
               +--------+--------+--------+--------+--------+-----+--------+
         Total |   2104 |   1944 |    160 |      0 |   1302 |   4 |  526.0 |
       Dungeon |   2104 |   1944 |    160 |      0 |   1302 |   4 |  526.0 |
               +--------+--------+--------+--------+--------+-----+--------+

Top non-repeatable levels by time:
     D:1: 736 daAuts
     D:2: 604 daAuts
     D:3: 417 daAuts
     D:4: 345 daAuts
